 Dungeon Sprint DCSS version 0.18-a0-1799-g6250cb2 (webtiles) character file.

7677 Arkorax the Blocker (level 10, -11/108 HPs)
             Began as a Deep Dwarf Fighter on Apr 23, 2016.
             Was the Champion of Makhleb.
             Killed from afar by Nudiuc the pandemonium lord (69 damage)
             ... with a crystal spear
             ... in the Dungeon (Sprint V: "Ziggurat Sprint").
             The game lasted 00:03:01 (380 turns).

Arkorax the Blocker (Deep Dwarf Fighter)             Turns: 380, Time: 00:03:02

Health: -11/108    AC: 31    Str: 38    XL:     10   Next: 99%
Magic:  0/10       EV:  9    Int:  9    God:    Makhleb [******]
Gold:   0          SH: 34    Dex: 17    Spells: 0 memorised, 9 levels left

rFire  . . .     SeeInvis +     N - +14 obsidian axe {chop, +Fly Str+3 SInv *Curse} (curse)
rCold  . . .     Gourm    .     K - +15 Maxwell's patent armour {-Cast -Tele rElec MR+ rCorr}
rNeg   + . .     Faith    .     L - +18 shield of the gong {rElec rN+ MR+ EV-5}
rPois  .         Spirit   .     (no helmet)
rElec  +         Dismiss  .     (no cloak)
rCorr  +         Reflect  .     (no gloves)
SustAt .         Harm     .     (no boots)
MR     +++..     NoTele   +     (no amulet)
Stlth  .......... NoCast   +    J - +6 ring of strength
                                I - +6 ring of strength

@: agile, mesmerised, very slightly contaminated, non-regenerating, hasted,
studying 2 skills, very quick, extremely resistant to hostile enchantments,
extremely unstealthy
A: damage resistance, recharge devices, sense surroundings 2, slow regeneration
3
a: Device Recharging, Minor Destruction, Lesser Servant of Makhleb, Major
Destruction, Greater Servant of Makhleb, Renounce Religion, Evoke Flight


You were in the Dungeon.
You worshipped Makhleb.
Makhleb was exalted by your worship.
You were not hungry.

You visited 1 branch

Inventory:

Hand Weapons
 a - a +0 war axe
 M - a +5 broad axe
 N - the cursed +14 obsidian axe (weapon) {chop, +Fly Str+3 SInv *Curse}
   (You found it in the Dungeon)

   It inflicts extra damage upon your enemies.
   It affects your strength (+3).
   It lets you see invisible.
   It lets you fly.
   It may re-curse itself when equipped.
   It has a curse placed upon it.
Armour
 b - a +0 scale mail
 c - a +0 shield
 K - the +15 Maxwell's patent armour (worn) {-Cast -Tele rElec MR+ rCorr}
   (You found it in the Dungeon)

   It insulates you from electricity.
   It affects your resistance to hostile enchantments.
   It prevents spellcasting.
   It prevents most forms of teleportation.
   It protects you from acid and corrosion.
 L - the +18 shield of the gong (worn) {rElec rN+ MR+ EV-5}
   (You found it in the Dungeon)

   It affects your evasion (-5).
   It insulates you from electricity.
   It protects you from negative energy.
   It affects your resistance to hostile enchantments.
Jewellery
 E - a +6 ring of dexterity
 F - a +6 ring of dexterity
 G - a +6 ring of intelligence
 H - a +6 ring of intelligence
 I - a +6 ring of strength (left hand)
 J - a +6 ring of strength (right hand)
 O - the ring "Gakutzi" {rElec AC+3 Dex+2}
   (You found it in the Dungeon)

   [ring of protection]

   It affects your AC (+3).
   It affects your dexterity (+2).
   It insulates you from electricity.
 Q - the ring of Akliw {Ice Dex+3}
   (You found it in the Dungeon)

   [ring of ice]

   It enhances your ice magic, and weakens your fire magic.
   It affects your dexterity (+3).
   It makes you vulnerable to fire.
   It protects you from cold.
Wands
 e - a wand of heal wounds (0/9)
 y - a wand of disintegration (7/24)
 B - a wand of iceblast (5/15)
 C - a wand of lightning (5/15)
 D - a wand of acid (5/15)
Scrolls
 l - 4 scrolls of blinking
 o - 4 scrolls of amnesia
 p - 3 scrolls of recharging
 q - 7 scrolls of fog
 r - a scroll of holy word
 s - 5 scrolls of identify
 t - 5 scrolls of remove curse
 u - 2 scrolls of fear
Potions
 d - 6 potions of might
 g - 10 potions of curing
 h - 8 potions of heal wounds
 i - 5 potions of haste
 j - 7 potions of magic
 k - 3 potions of berserk rage
 v - 2 potions of brilliance
 w - 2 potions of invisibility
 x - 4 potions of resistance
 z - a potion of experience
 A - 5 potions of agility
Books
 P - a manual of Air Magic
 S - a manual of Polearms
Miscellaneous
 R - a phial of floods
Comestibles
 f - 5 bread rations
 m - 42 fruits
 n - 4 meat rations


   Skills:
 + Level 12.5 Fighting
 + Level 14.4 Axes
 + Level 14.5 Armour
 + Level 14.5 Shields


You had 9 spell levels left.
You didn't know any spells.

Dungeon Overview and Level Annotations

Branches:
Dungeon (1/1)

Altars:
Ashenzari
Cheibriados
Dithmenos
Elyvilon
Fedhas
Gozag
Kikubaaqudgha
Makhleb
Nemelex Xobeh
Okawaru
Pakellas
Qazlal
Ru
Sif Muna
Trog
Vehumet
Xom
Yredelemnul
Zin
The Shining One
Beogh
Jiyva
Lugonu


Innate Abilities, Weirdness & Mutations

You are resistant to damage.
You can recharge devices by infusing magical energy.
You passively map the area around you.
You do not regenerate naturally.


Message History

Kociz hits you but does no damage. You block the sun demon's attack.
SHROANNG!
Nudiuc gestures at you. The bolt of energy hits you!
Your soul eater hits Nudiuc but does no damage.
You cut the sun demon into ribbons!!!
You kill the sun demon!
Makhleb accepts your kill.
You feel better.
You slash Kociz!
Kociz is lightly wounded.
You slash Nudiuc!
Nudiuc is moderately wounded.
Visions of slaying Kociz flood into your mind.
Kociz hits you.
You feel your power leaking away.
Nudiuc sneers, "Flee, thou surly fen-sucked nobody!"
Nudiuc gestures at you. The crystal spear hits you!
Ouch! That really hurt!
You die...

, ,
▓........▓........▓
,,
▓▓▓▓▓▓▓▓▓▓▓▓▓▓▓▓▓▓▓
,
▓...8©8...▓..8©8..▓
,, ,
▓..:[:....▓..))...▓
,
,▓...)=....▓..4[...▓
* ,,
▓.........▓.......▓
,*
▓....5....▓..)....▓
* , *
▓...)&&...▓..)))..▓
, ,
▓....@3...▓..)....▓
* **
▓.▓.....▓.▓.▓.).▓.▓
, ,8 ,
▓.........▓.......▓
,, ,
▓▓▓▓▓▓▓▓▓▓▓▓▓▓▓▓▓▓▓
, , ©8 ▓..8©8..▓ , ,
* ,▓...|3..▓ , ,, ,
,, ▓..=33..▓ , , , ,
, ▓.......▓ , , ,
,,,, ▓.......▓


You could see Kociz, Nudiuc, an iron imp and a friendly soul eater.

Vanquished Creatures
  A black draconian (D)
  A purple draconian (D)
  A sun demon (D)
  A draconian (D)
  A rust devil (D)
  A jumping spider (D)
  2 air elementals (D)
  A tarantella (D)
  2 insubstantial wisps (D)
  Duvessa (D)
  A necrophage (D)
  2 phantoms (D)
  Blork the orc (D)
  Dowan (D)
  A scorpion (D)
  A quasit (D)
  Crazy Yiuf (D)
  An iron imp (D)
  Jessica (D)
  2 shadow imps (D)
  3 ufetubi (D)
  An adder zombie (D)
  A jackal skeleton (D)
29 creatures vanquished.

Vanquished Creatures (collateral kills)
  A pandemonium lord (D)
  A draconian (D)
  Sigmund (D)
  A tarantella (D)
  An insubstantial wisp (D)
5 creatures vanquished.

Grand Total: 34 creatures vanquished

Notes
Turn   | Place    | Note
--------------------------------------------------------------
     0 | D        | Arkorax the Deep Dwarf Fighter began the quest for the Orb.
     0 | D        | Reached XP level 1. HP: 20/20 MP: 1/1
     2 | D        | Found an iron altar of Okawaru.
     2 | D        | Found a radiant altar of Vehumet.
     2 | D        | Found a shimmering altar of Xom.
     2 | D        | Found a burning altar of Makhleb.
     2 | D        | Found a deep blue altar of Sif Muna.
     6 | D        | Found a bloodstained altar of Trog.
     7 | D        | Found a corrupted altar of Lugonu.
     7 | D        | Found a roughly hewn altar of Beogh.
     7 | D        | Found a white marble altar of Elyvilon.
     7 | D        | Found a viscous altar of Jiyva.
     7 | D        | Found a sparkling altar of Nemelex Xobeh.
    38 | D        | Became a worshipper of Makhleb the Destroyer
    82 | D        | Entered arena 1.
    82 | D        | Noticed a necrophage
    82 | D        | Noticed a phantom
    89 | D        | Killed a necrophage
    89 | D        | Reached skill level 5 in Axes
    89 | D        | Reached skill level 5 in Armour
    89 | D        | Reached skill level 5 in Shields
    89 | D        | Reached XP level 2. HP: 31/31 MP: 2/2
    89 | D        | Reached XP level 3. HP: 37/37 MP: 3/3
    89 | D        | Reached XP level 4. HP: 45/45 MP: 4/4
    90 | D        | Killed a phantom
    90 | D        | Reached skill level 5 in Fighting
    90 | D        | Reached XP level 5. HP: 54/54 MP: 5/5
    93 | D        | Got the ring "Gakutzi" {rElec AC+3 Dex+2}
    98 | D        | Entered arena 2.
    98 | D        | Noticed a phantom
   101 | D        | Reached * piety under Makhleb
   105 | D        | Killed a phantom
   115 | D        | Entered arena 3.
   115 | D        | Noticed a purple draconian
   115 | D        | Noticed a draconian
   115 | D        | Noticed a black draconian
   115 | D        | Noticed a draconian
   124 | D        | Killed a draconian
   124 | D        | Reached ** piety under Makhleb
   124 | D        | Reached XP level 6. HP: 51/67 MP: 6/6
   124 | D        | Reached XP level 7. HP: 55/73 MP: 7/7
   124 | D        | Killed a draconian
   124 | D        | Reached skill level 10 in Armour
   124 | D        | Reached skill level 10 in Shields
   126 | D        | Killed a black draconian
   126 | D        | Reached *** piety under Makhleb
   126 | D        | Reached XP level 8. HP: 81/86 MP: 8/8
   128 | D        | Killed a purple draconian
   128 | D        | Reached skill level 10 in Fighting
   128 | D        | Gained mutation: You passively map the area around you. [Deep Dwarf growth]
   128 | D        | Reached XP level 9. HP: 94/94 MP: 9/9
   135 | D        | Entered arena 4.
   135 | D        | Noticed a jumping spider
   139 | D        | Reached **** piety under Makhleb
   141 | D        | Killed a jumping spider
   151 | D        | Entered arena 5.
   167 | D        | Entered arena 6.
   167 | D        | Noticed Sigmund
   167 | D        | Noticed Jessica
   167 | D        | Noticed Blork the orc
   167 | D        | Noticed Crazy Yiuf
   167 | D        | Noticed Dowan
   167 | D        | Noticed Duvessa
   172 | D        | Killed Duvessa
   172 | D        | Reached ***** piety under Makhleb
   172 | D        | Reached XP level 10. HP: 104/104 MP: 10/10
   172 | D        | Killed Dowan
   173 | D        | Killed Crazy Yiuf
   175 | D        | Killed Jessica
   177 | D        | Killed Blork the orc
   179 | D        | Killed Sigmund
   184 | D        | Got the ring of Akliw {Ice Dex+3}
   190 | D        | Entered arena 7.
   190 | D        | Noticed Hyloff the pandemonium lord
   190 | D        | Noticed a rust devil
   194 | D        | Noticed an orange demon
   196 | D        | Reached ****** piety under Makhleb
   199 | D        | Killed a rust devil
   208 | D        | Noticed a sun demon
   209 | D        | Noticed a rust devil
   209 | D        | Noticed a rust devil
   221 | D        | Noticed a smoke demon
   223 | D        | Noticed a smoke demon
   223 | D        | Killed Hyloff the pandemonium lord
   365 | D        | Entered arena 8.
   365 | D        | Noticed Nudiuc the pandemonium lord
   365 | D        | Noticed Kociz the pandemonium lord
   365 | D        | Noticed a sun demon
   380 | D        | Killed a sun demon
   380 | D        | Killed from afar by Nudiuc the pandemonium lord

Vault maps used:
D:        sprint_v

Skill      XL: |  1  2  3  4  5  6  7  8  9 10 |
---------------+-------------------------------+-----
Fighting       | 4 5 7 9 10 11 12 | 12.5
Axes           | 5 6 8 11 12 14 | 14.4
Armour         | 5 6 9 11 12 14 | 14.5
Shields        | 5 6 9 11 12 13 14 | 14.5

Action                   |  1- 3 |  4- 6 |  7- 9 | 10-12 || total
-------------------------+-------+-------+-------+-------++-------
Melee: Broad axe         |     6 |    13 |    17 |    44 ||    80
Evoke: Wand              |       |       |       |     5 ||     5
  Use: Potion            |       |       |       |     4 ||     4
 Stab: Distracted        |       |       |       |     1 ||     1
Armor: Plate armour      |     5 |     9 |     9 |    21 ||    44
Dodge: Dodged            |       |     1 |       |     2 ||     3
Block: Shield            |    13 |    17 |    34 |    87 ||   151
